[Event "FIDE WSTC Open 50 2025"]
[Site "Prague"]
[Date "2025.02.24"]
[Round "7.36"]
[White "Kuna, Ralf-Michael"]
[Black "Hulme, William"]
[Result "1/2-1/2"]
[Annotator "TA"]
[ECO "C68"]
[WhiteElo "2072"]
[BlackElo "1909"]
[PlyCount "34"]
[EventDate "2025.02.17"]
[EventType "team-tourn"]
[EventCountry "CZE"]
[SourceTitle "playchess.com"]
[Source "ChessBase"]
[SourceQuality "1"]
[TimeControl "40/5400+30:1800+30"]

1. e4 e5 2. Nf3 Nc6 3. Bb5 a6 4. Bxc6 dxc6 5. d4 exd4 6. Qxd4 Qxd4 7. Nxd4 Bd7 8. Nc3 O-O-O 9. Be3 Re8 10. O-O-O {[%emt 0:01:48] C68: Ruy Lopez: Exchange Variation, sidelines.} Ne7 11. Rhe1 Ng6 12. a3 {[%emt 0:02:15] Black has an edge.} c5 $146 (12... h5 13. f4 c5 14. Nf3 f5 15. e5 Be7 16. Nd5 b6 17. Nxe7+ Rxe7 18. Ng5 Rhe8 {0-1 Appel,R (2507)-Graf,A (2646) Bundesliga 0405 2004 (9.4)}) 13. Nb3 b6 14. f3 {[%emt 0:01:19] Black is slightly better.} Bd6 15. g3 h5 16. Nd5 Kb7 17. Bf2 h4 {[%emt 0:05:54] Weighted Error Value: White=0.05 (flawless) /Black=0.01 (flawless)   OK:         	White=2     	Black=6} 1/2-1/2

[Event "FIDE WSTC Open 50 2025"]
[Site "Prague"]
[Date "2025.02.24"]
[Round "7.37"]
[White "Kirszenberg, Marc"]
[Black "Sikorova, Olga"]
[Result "0-1"]
[Annotator "TA"]
[ECO "E20"]
[WhiteElo "2080"]
[BlackElo "2134"]
[PlyCount "82"]
[EventDate "2025.02.17"]
[EventType "team-tourn"]
[EventCountry "CZE"]
[SourceTitle "playchess.com"]
[Source "ChessBase"]
[SourceQuality "1"]
[TimeControl "40/5400+30:1800+30"]

1. d4 Nf6 2. c4 e6 3. Nc3 Bb4 4. f3 c5 5. d5 O-O 6. e4 d6 7. Nge2 a6 {[%emt 0:01:15] E20: Nimzo-Indian: 4 g3 and 4 f3.} 8. a4 exd5 9. cxd5 Nbd7 {[%emt 0:09:38] The position is equal.} 10. Ng3 {[%emt 0:00:35] Inhibits Nh5.} Qa5 $146 (10... Ne5 11. Be2 Re8 12. O-O c4 13. Kh1 Bd7 14. Be3 Rc8 15. Qd2 Bc5 16. Bxc5 Rxc5 {0-1 Santos Latasa,J (2586)-Socko,B (2625) Abu Dhabi op 26th 2019 (5)}) 11. Bd2 Re8 12. Be2 Nf8 13. O-O Bd7 (13... h6 $14) 14. Qc2 (14. Bg5 $1 $16 ) 14... h6 $11 15. Kh1 Qc7 16. f4 c4 {[%emt 0:02:54] [#]} 17. Nb5 $1 axb5 18. Bxb4 Rxa4 19. Rxa4 bxa4 20. Bxc4 $2 (20. Qxc4 Qxc4 21. Bxc4 Nxe4 $17) (20. Bc3 $1 $14 {keeps the upper hand.}) 20... Rc8 $17 {[%emt 0:02:26] Black plays on the queen side and is better} 21. Rc1 Ng4 22. Qd2 (22. Nh5 $17 b5 23. h3) 22... b5 (22... Qb6 $1 $19 {Threatens to win with ...Nf2+.} 23. h3 Ne3) 23. h3 Nf6 24. e5 (24. Ba5 $17 Qa7 25. e5 dxe5 (25... bxc4 $2 26. exf6 g6 27. Ne4 $18) (25... Ne8 26. e6 $17) 26. fxe5 Nxd5 (26... Rxc4 27. Rxc4 bxc4 28. exf6 $14) 27. Qxd5 bxc4 (27... Qxa5 28. Qxf7+ Kh7 29. Nh5) (27... Rxc4 28. Rxc4 bxc4 29. Bc3 $17) 28. Qd2) 24... Ne8 $2 (24... dxe5 $19 25. d6 Qb7) 25. exd6 (25. Ba5 Qa7 26. e6 Rxc4 $17 (26... fxe6 27. dxe6 Rxc4 28. Rxc4 $17)) (25. e6 $1 $11 Bxe6 (25... fxe6 26. dxe6 bxc4 27. exd7 $11) (25... bxc4 26. exd7 Nxd7 27. Nf5 $11) 26. dxe6 bxc4 27. Ba5) 25... Nxd6 26. Bxd6 Qxd6 27. Ba2 Rxc1+ 28. Qxc1 Qg6 ({Black should try} 28... Ng6 $19 29. Ne4 Qxf4 30. Qxf4 Nxf4) 29. Kh2 Qd3 {[%emt 0:00:24] Against Qd2. Black is more active.} 30. Qc7 $2 {[%emt 0:00:56] White does not recover from this.} (30. Qe1 $17 {keeps fighting.}) 30... Qd2 $19 31. Qe5 {[%emt 0:02:30] [#] Intending Nh5 and mate.} Ng6 $1 (31... a3 32. bxa3 Ng6 (32... Qxa2 $2 33. Nh5 $18) 33. Qb8+ Kh7 34. Bb1 Qxd5 35. Qd8 $18) 32. Qb8+ Kh7 {[%emt 0:00:01][%cal Og6h4] ( -> ...Nh4!). Black is clearly winning.} 33. Bb1 (33. Qb7 $142 Qxb2 (33... Nxf4 34. Bb1+ f5 35. d6 $17) 34. Qxd7) 33... Qxb2 (33... Qxd5 34. f5 Nh4 35. Be4 $11) 34. Bxg6+ fxg6 {[%emt 0:00:09][%mdl 4096] Endgame KQB-KQN. Black is a pawn up.} 35. Qc7 {[%emt 0:01:26] [#]} a3 $1 36. Qxd7 a2 37. f5 g5 (37... a1=Q 38. fxg6+ Kxg6 39. Qf5#) 38. Qe6 {[%emt 0:06:08] [#]} Qf6 $1 (38... a1=B 39. d6 Qf6 40. Ne4 Qe5+ 41. Ng3 Qxe6 42. fxe6 $18) (38... a1=Q 39. Qg6+ Kh8 40. Qe8+ Kh7 41. Qg6+ Kh8 42. Qe8+ Kh7 43. Qg6+ $11) 39. d6 a1=Q ({Weaker is} 39... a1=B 40. d7 Be5 41. Qxe5 Qxe5 42. d8=Q $18 (42. d8=B $2 {is the wrong capture.} Kg8 $19)) 40. d7 {[%emt 0:00:16] [#]} g4 $1 41. Qe8 (41. Qe2 Qfd4) 41... Qad4 {[%emt 0:04:31] Weighted Error Value: White=1.16/Black=0.19 (very precise)   Loses game:     	White=1     	---        Missed win:     	---       	Black=1      Mistake:       	White=6     	Black=3      Inaccurate:     	White=3     	Black=3      OK:         	White=3     	Black=6      Best:        	White=3     	Black=4      Strong:       	---       	Black=1} 0-1

[Event "FIDE WSTC Open 50 2025"]
[Site "Prague"]
[Date "2025.02.24"]
[Round "7.38"]
[White "Folkova, Martina"]
[Black "Guiot Dorel, Jerome"]
[Result "1/2-1/2"]
[Annotator "TA"]
[ECO "B33"]
[WhiteElo "2031"]
[BlackElo "2030"]
[PlyCount "32"]
[EventDate "2025.02.17"]
[EventType "team-tourn"]
[EventCountry "CZE"]
[SourceTitle "playchess.com"]
[Source "ChessBase"]
[SourceQuality "1"]
[TimeControl "40/5400+30:1800+30"]

1. e4 c5 2. Nf3 Nc6 3. d4 cxd4 4. Nxd4 Nf6 5. Nc3 e5 6. Ndb5 d6 7. Bg5 a6 8. Na3 Be6 9. Nc4 {[%emt 0:01:07] B33: Sicilian: Pelikan and Sveshnikov Variations.} Rb8 10. Bxf6 Qxf6 11. Nb6 {[%emt 0:05:48] White is slightly better.} Qg6 12. Qd3 $146 (12. h4 Be7 13. Qd2 Bd8 14. Nc4 O-O 15. h5 Qg5 16. Qxg5 Bxg5 17. Bd3 {0-1 Audi,A (2395)-Harsha,B (2547) Visakhapatnam Vizag op 2022 (9)}) 12... Nb4 {[%emt 0:13:13] Against Ncd5} 13. Qe2 Be7 14. O-O-O O-O 15. a3 Nc6 16. Ncd5 Bg5+ {[%emt 0:05:11] Weighted Error Value: White=0.13 (very precise) /Black=0.05 (flawless)   Mistake:       	---       	Black=1      Inaccurate:     	White=2     	---        OK:         	White=2     	Black=4} (16... Bd8 $15) 1/2-1/2

[Event "FIDE WSTC Open 50 2025"]
[Site "Prague"]
[Date "2025.02.24"]
[Round "7.39"]
[White "Coste, Thierry"]
[Black "Kubikova, Hana"]
[Result "1/2-1/2"]
[Annotator "TA"]
[ECO "B42"]
[WhiteElo "2027"]
[BlackElo "2070"]
[PlyCount "37"]
[EventDate "2025.02.17"]
[EventType "team-tourn"]
[EventCountry "CZE"]
[SourceTitle "playchess.com"]
[Source "ChessBase"]
[SourceQuality "1"]
[TimeControl "40/5400+30:1800+30"]

1. e4 c5 2. Nf3 e6 3. d4 cxd4 4. Nxd4 a6 5. Bd3 d6 6. Nc3 Nf6 7. O-O Be7 8. f4 O-O {[%emt 0:02:22] B82: Sicilian Scheveningen: 6 f4.} 9. Qf3 ({White should try} 9. Kh1 $11) 9... Nbd7 (9... Qb6 $1 $15 10. Be3 Qxb2) 10. g4 Nc5 {[%emt 0:04:58] The position is equal.} 11. Be3 d5 $146 ({Predecessor:} 11... e5 12. Nf5 Nxd3 13. cxd3 Bxf5 14. exf5 exf4 15. Bxf4 h6 16. Rae1 d5 17. d4 Rc8 {1-0 Tanenbaum,Z (2137)-Solovchuk,A (2320) Titled Tuesday intern op 12th Jan blitz 2021 (4)}) 12. e5 Nfd7 13. Qh3 {[%emt 0:08:52][%csl Gd3][%cal Rh3h7] [#]} Nxd3 14. cxd3 Bc5 15. Rac1 b5 {[%emt 0:08:08] [#]} 16. b4 $1 Bb6 (16... Bxd4 17. Bxd4) 17. Nc6 {[%emt 0:06:57] White is better. White is much more active. The black rooks are passive.} Bxe3+ 18. Qxe3 Qb6 19. Qxb6 {[%emt 0:05:31] Weighted Error Value: White=0.22 (precise) /Black=0.27 (precise)   Mistake:       	White=1     	Black=1      Inaccurate:     	White=1     	Black=4      OK:         	White=3     	Black=1      Best:        	White=1     	Black=1} 1/2-1/2

[Event "FIDE WSTC Open 50 2025"]
[Site "Prague"]
[Date "2025.02.24"]
[Round "7.40"]
[White "Svobodova, Michaela"]
[Black "Keller, Christophe"]
[Result "1/2-1/2"]
[Annotator "TA"]
[ECO "C01"]
[WhiteElo "2048"]
[BlackElo "1997"]
[PlyCount "132"]
[EventDate "2025.02.17"]
[EventType "team-tourn"]
[EventCountry "CZE"]
[SourceTitle "playchess.com"]
[Source "ChessBase"]
[SourceQuality "1"]
[TimeControl "40/5400+30:1800+30"]

1. e4 e6 2. d4 d5 3. exd5 exd5 4. Nf3 Nc6 5. Bd3 Bg4 6. c3 Qd7 7. O-O Bd6 8. Re1+ Nge7 9. Nbd2 O-O 10. Qc2 Bf5 (10... Ng6 $15) 11. Ne5 {[%emt 0:07:49] C01: French: Exchange Variation.} (11. b4 $11 {remains equal.}) 11... Bxe5 $17 12. dxe5 Bxd3 13. Qxd3 {[%emt 0:00:19] Black is better.} Ng6 {[%emt 0:00:08] Prevents f4} 14. Qg3 Ngxe5 15. Nf1 $146 (15. Rxe5 Nxe5 16. Qxe5 Rae8 $19) ({Predecessor:} 15. Rxe5 Nxe5 16. Qxe5 Rfe8 17. Qd4 Re1+ 18. Nf1 Qb5 19. c4 Qxc4 20. Qxc4 dxc4 21. g3 {0-1 Tasoko,T-Sega,C (2286) Paulista-ch Sorocaba 2001 (1)}) 15... f6 16. Bf4 Qf7 17. Rad1 Rad8 18. Ne3 Kh8 19. Nf5 Rd7 20. h4 Qg6 21. Bxe5 fxe5 22. Qxg6 hxg6 23. Ne3 Rfd8 24. Ng4 Re7 25. f3 d4 26. cxd4 exd4 27. Rxe7 Nxe7 $15 {[%emt 0:00:02][%mdl 4096] Endgame KRN-KRN. Black is a pawn up.} 28. Ne5 Kg8 {[%emt 0:00:23] Inhibits Nf7.} 29. b4 Rd5 30. f4 a5 31. a3 axb4 32. axb4 b6 33. b5 Rxb5 (33... Nf5 $1 $15 34. Nxg6 Kf7 (34... Rxb5 35. g4 $17) 35. Ne5+ Kf8) 34. Rxd4 $11 Rd5 35. Ra4 Ra5 36. Rd4 Rd5 37. Ra4 Rd8 38. Ra7 Rc8 39. Kf2 Kh7 40. g4 Nd5 41. Kf3 c5 42. Ke4 Nf6+ 43. Kd3 $1 Rd8+ 44. Ke3 Rd4 45. Ra8 (45. Rf7 $11) 45... Nd5+ ({Better is} 45... g5 $1 $15 46. hxg5 Nd5+ 47. Kf3 Rxf4+ 48. Kg3 Re4 49. g6+ Kh6) 46. Kf3 {[%emt 0:00:00] The position is equal.} Rxf4+ 47. Kg3 g5 {[%emt 0:00:00] [#]} 48. h5 Nf6 49. Ng6 $1 Rxg4+ 50. Kh3 Rg3+ 51. Kxg3 {[%emt 0:00:00][%csl Gg6][%cal Ra8h8] [#]} Nxh5+ 52. Kg4 Kxg6 {[%emt 0:00:00] KR-KN} 53. Rb8 Nf6+ 54. Kg3 Kf5 55. Rxb6 Ne4+ 56. Kg2 c4 {[%emt 0:00:00] Hoping for ...g4.} 57. Kf3 {[%emt 0:02:53] Hoping for Rb5+.} g4+ 58. Ke3 Nc3 {[%emt 0:00:00] ( -> ...Nd5+) Repels Rb5+} 59. Rc6 Nd1+ 60. Ke2 Nb2 61. Ke3 Kg5 62. Rc7 g6 63. Rc6 c3 64. Ke2 Na4 65. Rc4 Nb6 66. Rxc3 Nd7 {[%emt 0:00:02] Weighted Error Value: White=0.13 (very precise) /Black=0.11 (very precise)   Mistake:       	White=2     	Black=2      Inaccurate:     	White=3     	Black=3      OK:         	White=25    	Black=20     Best:        	White=5     	Black=4      Strong:       	White=2     	---} 1/2-1/2

[Event "FIDE WSTC Open 50 2025"]
[Site "Prague"]
[Date "2025.02.25"]
[Round "8.1"]
[White "Adams, Michael"]
[Black "Ehlvest, Jaan"]
[Result "1/2-1/2"]
[Annotator "TA"]
[ECO "C70"]
[WhiteElo "2664"]
[BlackElo "2531"]
[PlyCount "71"]
[EventDate "2025.02.17"]
[EventType "team-tourn"]
[EventCountry "CZE"]
[SourceTitle "playchess.com"]
[Source "ChessBase"]
[SourceQuality "1"]
[TimeControl "40/5400+30:1800+30"]

1. e4 e5 2. Nf3 Nc6 3. Bb5 a6 4. Ba4 b5 5. Bb3 Na5 6. O-O d6 7. d4 exd4 8. Nxd4 Bb7 {[%emt 0:00:12] [#]} 9. c4 $1 c5 {[%emt 0:02:03] C70: Ruy Lopez: 3...a6 4 Ba4, Norwegian and Delayed Schliemann.} 10. Nf5 g6 11. Ne3 Nf6 {[%emt 0:02:13] White has an edge.} 12. Nc3 Bc6 $146 (12... Nxb3 13. axb3 b4 14. Ncd5 Bg7 15. Nxf6+ Qxf6 16. Nd5 Qd8 17. Re1 O-O 18. Re2 Re8 {½-½ Smirin,I (2648)-Mamedyarov,S (2721) Baku op 2009 (8)}) 13. Ned5 {[%emt 0:14:47] [#]} Bg7 14. Bg5 {[%emt 0:02:59] aiming for Qf3.} h6 $1 15. Bxf6 Bxf6 16. cxb5 axb5 17. Nxf6+ Qxf6 18. Bd5 O-O 19. a3 Bxd5 20. Qxd5 Rab8 21. h3 (21. Qd3 $14) 21... Rfe8 22. Qd3 Kg7 23. Rfe1 (23. Nxb5 $2 {too greedy.} c4 24. Qe2 (24. Qd5 $2 Re5 $19) 24... Rxb5 $19) 23... Nc4 24. Re2 Ne5 25. Qd2 Nc6 26. Rd1 Nd4 27. Re3 Qh4 28. Ne2 Nxe2+ (28... Rxe4 {simplifies} 29. Rxe4 Qxe4 30. Nxd4 cxd4 31. Qxd4+ Qxd4 32. Rxd4 Rc8) 29. Qxe2 Re6 30. Rd5 Qe7 31. b4 cxb4 32. axb4 ({But not} 32. Rxb5 Rxb5 33. Qxb5 bxa3 $15 (33... Rxe4 34. Rxe4 Qxe4 35. axb4 $11)) 32... Re5 33. Qd3 Rxd5 {[%emt 0:02:12] The position is equal.} 34. Qxd5 Qe5 35. Rd3 Rc8 {[%emt 0:00:46] and ...Rc1+ would now be decisive} 36. Qxe5+ {[%emt 0:00:08] Weighted Error Value: White=0.09 (flawless) /Black=0.08 (flawless)   Mistake:       	White=1     	---        Inaccurate:     	White=4     	Black=3      OK:         	White=8     	Black=11     Best:        	---       	Black=1      Strong:       	---       	Black=1} 1/2-1/2

[Event "FIDE WSTC Open 50 2025"]
[Site "Prague"]
[Date "2025.02.25"]
[Round "8.2"]
[White "Shabalov, Alexander"]
[Black "Conquest, Stuart C"]
[Result "1/2-1/2"]
[Annotator "TA"]
[ECO "B36"]
[WhiteElo "2471"]
[BlackElo "2513"]
[PlyCount "104"]
[EventDate "2025.02.17"]
[EventType "team-tourn"]
[EventCountry "CZE"]
[SourceTitle "playchess.com"]
[Source "ChessBase"]
[SourceQuality "1"]
[TimeControl "40/5400+30:1800+30"]

1. e4 c5 2. Nf3 Nc6 3. d4 cxd4 4. Nxd4 g6 5. c4 Nf6 6. Nc3 Nxd4 7. Qxd4 d6 8. Be3 Bg7 9. f3 O-O 10. Qd2 Be6 11. Rc1 a5 12. b3 Nd7 13. Be2 Rc8 14. O-O Nc5 15. Rfe1 {[%emt 0:10:23] B36: Sicilian: Maroczy Bind: Gurgenidze System.} Re8 $146 (15... Qb6 16. Nd5 Bxd5 17. cxd5 Rc7 18. Rc4 Qa7 19. a3 b6 20. b4 axb4 21. axb4 Nd7 22. Rxc7 Qxc7 {½-½ Kratimenou,M (1417)-Kaliontzaki,A (1395) GRE-ch U16 Girls 2022 (6)}) 16. Bf1 Qb6 17. Nb5 {[%emt 0:00:36] White is slightly better.} Bd7 18. Bf2 Red8 19. f4 Qa6 20. Nc3 (20. f5 {looks sharper.} Be5 21. Qh6 Bg7 22. Qh3) 20... e6 {[%emt 0:03:11] Repels Nd5} 21. Qe3 Qa8 {[%emt 0:08:26] [#]} 22. Bh4 $1 Re8 23. Rcd1 Qb8 24. e5 dxe5 {[%emt 0:01:16] White has a queen side majority} 25. fxe5 Qc7 26. Bf6 b6 (26... Bf8 $1 $14) 27. Rd4 {[%emt 0:01:01] [#] Hoping for Rh4. White has more active pieces.} Bc6 28. Rh4 ({White should play} 28. Be2 $14) 28... Bxf6 $11 29. exf6 {[%emt 0:00:39] Qh6 would kill now.} Nd7 30. Qg5 Qd6 {[%emt 0:02:08] Against Bd3} 31. Rd1 {[%emt 0:07:32] Wards off e5} Qc5+ 32. Qxc5 bxc5 33. Rf4 e5 34. Rf2 Re6 35. Nd5 (35. g3 $11 Rxf6 (35... Nxf6 $2 36. Bh3 $18) 36. Bg2 Rxf2 37. Kxf2) 35... Bxd5 $15 36. cxd5 Rd6 37. Re1 Nxf6 38. h3 (38. Rxe5 $2 {perishes.} Ng4 (38... Rxd5 39. Rxd5 Nxd5 40. Bc4 $11) (38... Nxd5 39. Rd2 $11) 39. Ree2 Nxf2 (39... Rxd5 40. Rf4 $17) 40. Rxf2 Rxd5 $19) 38... Nd7 ({Reject} 38... Nxd5 $6 39. Rd2 $11) (38... e4 $17 39. Bb5 Rb8 (39... Nxd5 40. Rd2 $15)) 39. Bb5 $11 {[%emt 0:00:47] The position is equal.} Kg7 40. Bxd7 Rxd7 41. Rxe5 {[%emt 0:30:01][%mdl 4096] Endgame KRR-KRR} c4 42. Rc2 Kf6 43. Re4 Rxd5 44. Rexc4 Rxc4 45. Rxc4 {[%emt 0:00:00] KR-KR} h5 46. h4 Ke5 47. Ra4 f6 48. Kf2 g5 49. hxg5 fxg5 50. Kf3 Rd3+ 51. Ke2 Rd5 52. Kf3 Rd3+ {[%emt 0:00:18] Weighted Error Value: White=0.11 (very precise) /Black=0.10 (very precise)   Mistake:       	White=2     	Black=2      Inaccurate:     	White=1     	Black=2      OK:         	White=17    	Black=10     Best:        	White=3     	Black=5      Strong:       	White=1     	---} 1/2-1/2

[Event "FIDE WSTC Open 50 2025"]
[Site "Prague"]
[Date "2025.02.25"]
[Round "8.3"]
[White "Hebden, Mark L"]
[Black "Novikov, Igor"]
[Result "0-1"]
[Annotator "TA"]
[ECO "D02"]
[WhiteElo "2363"]
[BlackElo "2490"]
[PlyCount "116"]
[EventDate "2025.02.17"]
[EventType "team-tourn"]
[EventCountry "CZE"]
[SourceTitle "playchess.com"]
[Source "ChessBase"]
[SourceQuality "1"]
[TimeControl "40/5400+30:1800+30"]

1. d4 d5 2. Nf3 Nf6 3. Bf4 c5 4. e3 Qb6 5. Nc3 a6 6. dxc5 {[%emt 0:03:02] D02: 1 d4 d5 2 Nf3 sidelines, including 2...Nf6 3 g3 and 2...Nf6 3 Bf4.} Qxc5 7. Bd3 Nbd7 8. O-O {[%emt 0:04:17] The position is equal.} g6 9. a4 $146 (9. Re1 Bg7 10. Ne5 Nh5 11. Ng4 Nxf4 12. exf4 O-O 13. f5 h5 14. Ne3 Nb6 15. fxg6 {1-0 Buecker,P (1325)-Anh,D (1041) GER-ch U25-C 2023 (5)}) 9... Bg7 10. h3 b6 11. Bh2 Bb7 12. Ne5 O-O 13. Be2 Rfd8 14. Qd4 Rac8 15. Rfd1 e6 16. Ra3 Qxd4 (16... Ne8 $15) 17. exd4 $11 Nxe5 18. Bxe5 Nd7 19. Bxg7 Kxg7 20. f4 h5 21. Rd2 Nf6 22. h4 Ne8 23. Rb3 Rc6 24. Bd3 Nd6 25. Kf2 Nc4 26. Rd1 Bc8 27. Ne2 Bd7 28. Ra1 Rb8 29. Ra2 Rcc8 30. Ng1 (30. Rc3 $11) 30... Nd2 $15 31. Rc3 Rxc3 32. bxc3 b5 33. axb5 Bxb5 {[%emt 0:00:07] Black converts the advantage convincingly.} 34. Ne2 Nc4 {[%emt 0:00:42] Black is more active.} 35. Nc1 Nd6 36. g3 Rc8 37. Ne2 Rc6 38. Ke3 Kf6 39. Ra5 {[%emt 0:02:47] [#]} (39. Ra3 $17) 39... Nc4+ $1 $19 40. Bxc4 Rxc4 {[%emt 0:00:13][%mdl 4096] Endgame KRB-KRN} 41. Ra1 Kf5 42. Rg1 Kg4 43. Kd2 Rc7 44. Nc1 Kh3 45. Nd3 Kh2 46. Re1 (46. Rb1) 46... Bxd3 {[%emt 0:02:00] Black is clearly winning.} (46... Kxg3 $2 47. Ne5 $19) 47. cxd3 Kxg3 {[%emt 0:00:06] KR-KR. Black is a pawn up.} 48. Rc1 Kxh4 49. c4 Kg4 50. Ke3 a5 51. Rg1+ Kf5 52. Rg5+ Kf6 53. cxd5 exd5 (53... a4 $2 54. dxe6 Ra7 (54... fxe6 55. Ra5 $17) 55. exf7 Kxf7 56. f5 $19) 54. Rxd5 Ra7 {[%emt 0:00:11] [#]} ({Not} 54... a4 55. Ra5 $17) 55. Kd2 a4 {[%emt 0:00:15] And now ...a3 would win.} 56. Kc2 a3 {[%emt 0:00:10] ( -> ...a2)} 57. Kb1 a2+ 58. Ka1 Ra3 {[%emt 0:00:09] Weighted Error Value: White=0.32/Black=0.07 (flawless)   Mistake:       	White=3     	Black=1      Inaccurate:     	White=6     	Black=1      OK:         	White=12    	Black=17     Best:        	White=2     	Black=4      Strong:       	---       	Black=1} 0-1

[Event "FIDE WSTC Open 50 2025"]
[Site "Prague"]
[Date "2025.02.25"]
[Round "8.4"]
[White "Rachels, Stuart"]
[Black "Emms, John M"]
[Result "1/2-1/2"]
[Annotator "TA"]
[ECO "C78"]
[WhiteElo "2466"]
[BlackElo "2409"]
[PlyCount "37"]
[EventDate "2025.02.17"]
[EventType "team-tourn"]
[EventCountry "CZE"]
[SourceTitle "playchess.com"]
[Source "ChessBase"]
[SourceQuality "1"]
[TimeControl "40/5400+30:1800+30"]

1. e4 e5 2. Nf3 Nc6 3. Bb5 a6 4. Ba4 Nf6 5. O-O b5 6. Bb3 Bc5 {[%emt 0:00:06] is cutting edge theory.} 7. a4 Rb8 {[%emt 0:01:35] C78: Ruy Lopez: Archangelsk and Möller Defences.} 8. d3 d6 9. c3 h6 {[%emt 0:01:02] The position is equal.} 10. Nbd2 O-O 11. Re1 Ne7 12. Nf1 Ng6 13. Ng3 Re8 14. h3 Bb6 15. Bd2 $146 ({Predecessor:} 15. d4 c5 16. Bc2 Qc7 17. axb5 axb5 18. Be3 Bd7 19. Qd2 cxd4 20. cxd4 exd4 21. Nxd4 Ne5 22. Ndf5 Bxe3 23. Nxe3 Nc4 24. Qc3 Qc5 25. b4 {½-½ Tarlev,K (2589)-Kourkoulos Arditis,S (2527) ROM-chT Eforie Nord 2023 (7.1)}) 15... c6 16. d4 Be6 17. axb5 {[%emt 0:04:58] [#] Bxe6 is the strong threat.} axb5 18. Qc2 Qc7 19. Bxe6 {[%emt 0:10:14] Weighted Error Value: White=0.15 (very precise) /Black=0.13 (very precise)   Inaccurate:     	White=3     	Black=3      OK:         	White=2     	Black=2      Best:        	White=1     	---} 1/2-1/2